 Dungeon Crawl Stone Soup version 0.17.0-24-gcfadda4 (webtiles) character file.

156 M4edhros the Sneak (level 5, 0/36 HPs)
             Began as an Octopode Chaos Knight on Nov 15, 2015.
             Slain by an orc priest
             ... wielding a +0 mace
              (6 damage)
             ... on level 3 of the Dungeon.
             The game lasted 00:02:16 (1553 turns).

M4edhros the Sneak (Octopode Chaos Knight)          Turns: 1553, Time: 00:02:16

Health: 0/36       AC:  1    Str: 17    XL:     5   Next: 37%
Magic:  5/5        EV: 12    Int: 14    God:    Xom [...*..]
Gold:   206        SH:  0    Dex: 12    Spells: 0 memorised, 4 levels left

rFire  + . .     SeeInvis .     a - +0 spear (chaos)
rCold  . . .     Clarity  .     (no shield)
rNeg   . . .     SustAt   .     (helmet restricted)
rPois  .         Gourm    .     (no amulet)
rElec  .         Spirit   .     i - ring of protection from fire
rCorr  .         Warding  .     (no ring)
rMut   .         Stasis   .     (no ring)
MR     .....                    (no ring)
Stlth  ++++......               (no ring)
                                (no ring)
                                (no ring)
                                (no ring)

@: mighty, not resistant to hostile enchantments, stealthy
A: almost no armour, amphibious, 8 rings, constrict 8, camouflage 1, gelatinous
body 1
a: Renounce Religion


You were on level 3 of the Dungeon.
You worshipped Xom.
You were a favourite toy of Xom.
You were very hungry.

You visited 1 branch of the dungeon, and saw 3 of its levels.

You collected 206 gold pieces.

Inventory:

Hand Weapons
 a - a +0 spear of chaos (weapon)
 s - a +0 hunting sling
Missiles
 t - 16 stones (quivered)
Jewellery
 i - a ring of protection from fire (left tentacle)
Scrolls
 d - a scroll of immolation {unknown}
 e - 2 scrolls of teleportation {unknown}
 h - 2 scrolls of fear {unknown}
 j - 4 scrolls of identify {unknown}
 l - a scroll of enchant weapon {unknown}
 n - a scroll of random uselessness {unknown}
 o - a scroll of magic mapping {unknown}
 p - a scroll of fog {unknown}
 v - 3 scrolls of remove curse {unknown}
Potions
 g - a potion of flight {unknown}
 k - a potion of brilliance {unknown}
 m - 2 potions of heal wounds {unknown}
 q - a potion of curing {unknown}
 r - a potion of mutation {unknown}
 u - a potion of poison {unknown}
 x - a potion of haste {unknown}
Comestibles
 b - 3 bread rations
 c - 2 meat rations
 w - a beef jerky


   Skills:
 - Level 3.0 Fighting
 + Level 4.2 Polearms
 - Level 2.3 Dodging
 * Level 5.6 Stealth


You had 4 spell levels left.
You didn't know any spells.

Dungeon Overview and Level Annotations

Branches:
Dungeon (3/15)

Altars:
Kikubaaqudgha


Innate Abilities, Weirdness & Mutations

You cannot wear most types of armour.
You are amphibious.
You can wear up to eight rings at the same time.
You can use your tentacles to constrict eight enemies at once.
Your skin changes colour to match your surroundings (Stealth).
Your rubbery body absorbs attacks (AC +1).


Message History

You reach to attack!
You hit the orc priest but do no damage.
The orc priest seems to speed up.
Xom is highly amused!
An orc comes into view. It is wielding a dagger.
You hit the orc priest. You freeze the orc priest. You grab the orc priest.
The orc priest is lightly wounded.
You constrict the orc priest, but do no damage.
The orc priest barely misses you.
You barely miss the orc priest.
The orc priest is lightly wounded.
You constrict the orc priest. The orc priest hits you with a mace!
An orc comes into view. It is wielding a hand axe.
Drink which item? (? for menu, Esc to quit)
You feel very mighty all of a sudden.
You constrict the orc priest. The orc priest hits you with a mace!
* * * LOW HITPOINT WARNING * * *
The orc priest hits you with a mace.
You die...
Xom thinks this is hilarious!

#.##.#..##.#
#.#.###....#
...####.###....
## #...##.##
#.####.##
####.#[# #. ....
##..# ##. #o.
##..# #o.###.## #
#.#...#..##oo##.#
#.######...@...[#
#.# #..#..#..#
#.# #....#.$.#
#.# #...#..#.# .#
#..#..#).# ###
#....#...# ..#
##..#..#.# #.#
#.#..#.....# #)#
#...#...##.#


You could see an orc priest and 3 orcs.

Vanquished Creatures
  A giant frog (D:3)
  Jessica (D:3)
  An adder (D:2)
  A worm (D:3)
  3 giant geckos
  4 goblins
  5 hobgoblins
  2 jackals (D:3)
  A quokka (D:3)
  A ball python (D:3)
  4 bats
  5 giant cockroaches
  4 giant newts
  8 kobolds
  5 rats
46 creatures vanquished.

Notes
Turn   | Place    | Note
--------------------------------------------------------------
     0 | D:1      | M4edhros the Octopode Chaos Knight began the quest for the Orb.
     0 | D:1      | Reached XP level 1. HP: 16/16 MP: 1/1
    77 | D:1      | Reached skill level 1 in Stealth
   107 | D:1      | Reached XP level 2. HP: 19/21 MP: 2/2
   192 | D:1      | XOM: harmless Necr miscast
   398 | D:1      | XOM: harmless Air miscast
   605 | D:2      | Found a faded altar to an unknown god.
   615 | D:2      | Found an ancient bone altar of Kikubaaqudgha.
   707 | D:2      | Reached XP level 3. HP: 26/26 MP: 3/3
   707 | D:2      | XOM: mild Summ miscast
   779 | D:2      | XOM: divination: detect creatures
  1234 | D:3      | Noticed a giant frog
  1242 | D:3      | XOM: butterfly on damage
  1243 | D:3      | Killed a giant frog
  1243 | D:3      | Reached skill level 4 in Polearms
  1243 | D:3      | Reached XP level 4. HP: 8/31 MP: 4/4
  1268 | D:3      | XOM: cast spell 'Spider Form'
  1307 | D:3      | Reached skill level 5 in Stealth
  1351 | D:3      | Noticed Jessica
  1356 | D:3      | Reached XP level 5. HP: 19/36 MP: 5/5
  1362 | D:3      | Killed Jessica
  1420 | D:3      | XOM: noise
  1504 | D:3      | XOM: divination: detect items
  1553 | D:3      | Slain by an orc priest

Action                   |  1- 3 |  4- 6 || total
-------------------------+-------+-------++-------
Melee: Spear             |    62 |    52 ||   114
  Use: Potion            |       |     2 ||     2
 Stab: Sleeping          |    16 |     5 ||    21
       Petrifying        |       |     1 ||     1
  Eat: Chunk             |       |     1 ||     1
